 Dungeon Crawl Stone Soup version 0.27.1-34-g3ba077fa99 (webtiles) character file.

Game seed: 12483347460712239061

21912 unlimited1921 the Fighter (level 12, -9/124 HPs)
             Began as a Minotaur Fighter on Jan 3, 2022.
             Was an Initiate of Ashenzari.
             Mangled by an enormous slime creature (74 damage)
             ... on level 12 of the Dungeon.
             The game lasted 02:12:50 (22883 turns).

unlimited1921 the Fighter (Minotaur Fighter)       Turns: 22883, Time: 02:12:51

Health: -9/124     AC: 16    Str: 28    XL:     12   Next: 58%
Magic:  11/11      EV:  9    Int:  5    God:    Ashenzari [......]
Gold:   290        SH: 18    Dex: 14    Spells: 11/11 levels left

rFire    + . .     SeeInvis .   a - +0 war axe
rCold    . . .     Faith    .   c - +0 kite shield
rNeg     . . .     Spirit   .   O - +0 plate armour
rPois    +         Reflect  +   (helmet restricted)
rElec    .         Harm     .   j - +0 cloak
rCorr    .         Rampage  .   (no gloves)
Will     .....                  (no boots)
Stlth    ..........             E - amulet of reflection
HPRegen  0.30/turn              g - +6 ring of strength
MPRegen  0.12/turn              P - ring of protection from fire

@: studying Earth Magic
A: horns 2, retaliatory headbutt, hooves 1, poison resistance, robust 1, wild
magic 1
a: Renounce Religion, Curse Item


You were on level 12 of the Dungeon.
You worshipped Ashenzari.
Ashenzari was noncommittal.
You visited 2 branches of the dungeon, and saw 13 of its levels.
You visited the Abyss 1 time.

You collected 696 gold pieces.
You spent 406 gold pieces at shops.

Inventory:

Hand Weapons
 a - a +0 war axe (weapon)
 l - a +1 short sword of electrocution
 o - a +1 dagger of draining
 p - a +2 demon whip of flaming
 s - a +0 trident
 w - a +1 short sword of speed
 B - a +3 flail of venom
 C - a +1 flail of draining
 H - a +0 battleaxe of freezing
Missiles
 f - 97 bolts
 h - 8 javelins
 m - 4 boomerangs
 v - 51 poisoned darts (quivered)
 R - a curare-tipped dart
Armour
 c - a +0 kite shield (worn)
 j - a +0 cloak (worn)
 M - +0 acid dragon scales
 O - a +0 plate armour (worn)
 W - +0 swamp dragon scales
Jewellery
 g - a +6 ring of strength (left hand)
 k - the amulet of the Will of the Gods {Will+ Regen+}
   (You acquired it on level 10 of the Dungeon)

   [amulet of regeneration]

   Regen:     It increases your rate of health regeneration.
   Will:      It increases your willpower.
 E - an amulet of reflection (around neck)
 L - a ring of ice
 P - a ring of protection from fire (right hand)
Wands
 G - a wand of iceblast (15)
 J - a wand of mindburst (8)
 Q - a wand of acid (16)
 S - a wand of digging (2)
Scrolls
 b - a scroll of amnesia
 e - 5 scrolls of identify
 r - 3 scrolls of magic mapping
 u - a scroll of teleportation
 y - 3 scrolls of immolation
 z - 2 scrolls of enchant weapon
 I - 3 scrolls of torment
 K - 3 scrolls of enchant armour
Potions
 d - 2 potions of might
 i - a potion of heal wounds
 n - 2 potions of resistance
 q - 3 potions of mutation
 t - 2 potions of curing
 x - a potion of flight
 A - a potion of attraction
 D - a potion of invisibility
 F - 4 potions of brilliance


   Skills:
 * Level 12.4 Fighting
 + Level 11.6(11.9) Axes
 + Level 3.5(8.4) Maces & Flails
 * Level 4.3(6.2) Slings
 + Level 6.2(6.8) Throwing
 + Level 10.1 Armour
 + Level 4.8 Dodging
 + Level 1.6 Stealth
 + Level 12.0 Shields
 + Level 1.9 Evocations


You had 11 spell levels left.
You didn't know any spells.
Your spell library contained the following spells:

 Spells                   Type           Power      Damage    Failure   Level
 Animate Skeleton         Necr           0%         N/A       100%        1
 Apportation              Tloc           0%         N/A       100%        1
 Corona                   Hex            0%         N/A       100%        1
 Summon Small Mammal      Summ           0%         N/A       100%        1
 Corpse Rot               Necr/Air       N/A        N/A       100%        2
 Ensorcelled Hibernation  Hex/Ice        0%         N/A       100%        2
 Call Canine Familiar     Summ           0%         N/A       100%        3
 Summon Guardian Golem    Hex/Summ       0%         N/A       100%        3
 Tukima's Dance           Hex            0%         N/A       100%        3
 Dispel Undead            Necr           0%         3d6       100%        4
 Passage of Golubria      Tloc           N/A        N/A       100%        4
 Silence                  Hex/Air        0%         N/A       100%        5
 Death Channel            Necr           0%         N/A       100%        6
 Lehudib's Crystal Spear  Conj/Erth      0%         10d2      100%        8


Dungeon Overview and Level Annotations

Branches:
Dungeon (12/15)            Temple (1/1) D:6            Lair (0/6) D:10
    Orc: D:9-12

Altars:
Ashenzari
Cheibriados
Elyvilon
Fedhas
Gozag
Hepliaklqana
Makhleb
Nemelex Xobeh
Okawaru
Qazlal
Ru
Sif Muna
Trog
Uskayaw
Vehumet
Wu Jian
Yredelemnul
Zin

Shops:
D:2 !


Innate Abilities, Weirdness & Mutations

You have a pair of horns on your head.
You reflexively headbutt those who attack you in melee.
You have large cloven feet.
Your system is resistant to poisons. (rPois)
You are robust. (+10% HP)
Your spells are a little harder to cast, but a little more powerful.


Message History

You kick the very large slime creature.
You headbutt the very large slime creature!
The very large slime creature is heavily wounded.
Two slime creatures merge to form an enormous slime creature.
You barely miss the enormous slime creature.
The enormous slime creature is heavily wounded.
You slice the enormous slime creature!!
You headbutt the enormous slime creature.
The enormous slime creature is heavily wounded.
You block the enormous slime creature's attack.
You slice the enormous slime creature!! You kick the enormous slime creature.
You headbutt the enormous slime creature.
The enormous slime creature is severely wounded.
You block the enormous slime creature's attack.
You slash the enormous slime creature! You kick the enormous slime creature.
The enormous slime creature is severely wounded.
You block the enormous slime creature's attack.
You slash the enormous slime creature! You kick the enormous slime creature!
You headbutt the enormous slime creature, but do no damage.
The enormous slime creature is severely wounded.
The enormous slime creature hits you but does no damage.
Your plate armour prevents you from hitting the enormous slime creature.
You kick the enormous slime creature.
You headbutt the enormous slime creature.
The enormous slime creature is severely wounded.
The enormous slime creature hits you!!!
Ouch! That really hurt!
You are too injured to fight recklessly!
You are too injured to fight recklessly!
You are too injured to fight recklessly!
A slime creature comes into view.
A slime creature comes into view.
There is an open door here.
There is an open door here.
There is an open door here.
You hit the enormous slime creature.
The enormous slime creature is severely wounded.
The enormous slime creature hits you!!!!
Ouch! That really hurt!
You die...

#.......#########.##
#.......J....JJ.....
#.......#########.##
#....†..# ######'##
#...# #.### ###J####
#...@..# #####+####
#......# #.........
#......# #.........
#......# ###.........
#......###.'.........
#......'...#.....(...
#......#####.........
#......# #.........
######## #..>......


You could see an enormous slime creature.

Vanquished Creatures
  Josephine (D:10)
  A death knight (D:10)
  7 death yaks
  4 two-headed ogres
  Pikel (D:6)
  A wizard (D:11)
  2 phantasmal warriors (D:9)
  2 cyclopes
  A manticore (D:12)
  Maggie (D:9)
  A freezing wraith (D:9)
  A kobold demonologist (D:12)
  2 trolls
  Grinder (D:5)
  4 slime creatures (D:12)
  6 wraiths
  3 shadows (D:9)
  A vampire (D:9)
  2 wyverns (D:10)
  Eustachio (D:6)
  8 yaks
  2 vampire mosquitoes (D:12)
  A steam dragon (D:10)
  A water moccasin (D:11)
  3 acid dragons
  Edmund (D:5)
  5 orc warriors
  2 black bears
  A sky beast (D:6)
  An ogre (D:6)
  A necrophage (D:7)
  A lemure (D:6)
  7 centaurs
  A phantom (D:6)
  A kobold brigand (D:8)
  Blork the orc (D:6)
  2 gnoll sergeants
  2 bullfrogs
  A scorpion (D:4)
  A water moccasin zombie (D:7)
  21 killer bees
  9 howler monkeys
  5 wights (D:6)
  A bullfrog zombie (D:5)
  A crimson imp (D:11)
  3 centaur zombies
  4 orc priests
  2 jellies
  A bullfrog skeleton (D:3)
  A small abomination (Abyss:2)
  6 iguanas
  A gnoll shaman (D:7)
  8 orc wizards
  A hound skeleton (D:5)
  13 gnolls
  A howler monkey skeleton (D:6)
  7 adders
  2 shadow imps
  2 ufetubi (D:7)
  A worm (D:5)
  5 dart slugs
  36 orcs
  5 bats
  8 endoplasms
  5 giant cockroaches
  11 goblins
  10 hobgoblins
  7 jackals (D:3)
  3 quokkas
  8 ball pythons
  6 frilled lizards
  14 kobolds
  2 rats
  A lurking horror (Abyss:2)
297 creatures vanquished.

Vanquished Creatures (others)
  4 starspawn tentacles (Abyss:2)
4 creatures vanquished.

Grand Total: 301 creatures vanquished

Notes
Turn   | Place    | Note
-------+----------+-------------------------------------------
     0 | D:1      | unlimited1921 the Minotaur Fighter began the quest for the
                  | Orb.
     0 | D:1      | Reached XP level 1. HP: 19/19 MP: 0/0
   190 | D:1      | Reached XP level 2. HP: 27/27 MP: 1/1
   278 | D:1      | Reached XP level 3. HP: 13/33 MP: 2/2
   285 | D:1      | HP: 1/33 [poisoned by a gnoll]
   602 | D:1      | Reached skill level 1 in Dodging
   991 | D:1      | Found a faded altar of an unknown god.
  1261 | D:2      | Found Yluuffen's Distillery.
  1822 | D:3      | Reached XP level 4. HP: 39/40 MP: 3/3
  2323 | D:3      | Reached XP level 5. HP: 38/47 MP: 4/4
  3361 | D:4      | Reached skill level 5 in Axes
  3397 | D:4      | Reached XP level 6. HP: 55/55 MP: 5/5
  3723 | D:4      | Found a bloodstained altar of Trog.
  3728 | D:4      | Reached skill level 5 in Fighting
  3897 | D:4      | Reached skill level 5 in Armour
  4328 | D:5      | Entered Level 5 of the Dungeon
  4450 | D:5      | Noticed Edmund
  4464 | D:5      | Killed Edmund
  4465 | D:5      | Reached XP level 7. HP: 50/62 MP: 6/6
  4796 | D:5      | Reached skill level 5 in Shields
  4803 | D:5      | Reached skill level 1 in Maces & Flails
  5254 | D:5      | Noticed Grinder
  5263 | D:5      | Paralysed by Grinder for 6 turns
  5272 | D:5      | Killed Grinder
  5273 | D:5      | Reached skill level 1 in Throwing
  5618 | D:6      | Found a basalt altar of Yredelemnul.
  5682 | D:6      | Noticed Blork the orc
  5689 | D:6      | Reached XP level 8. HP: 51/71 MP: 7/7
  5696 | D:6      | Killed Blork the orc
  5934 | D:6      | Noticed Eustachio
  6490 | D:6      | Killed Eustachio
  6705 | D:6      | Noticed Pikel
  6726 | D:6      | Killed Pikel
  6727 | D:6      | Reached XP level 9. HP: 40/81 MP: 8/8
  7704 | D:6      | Found a shimmering blue altar of Sif Muna.
  7704 | D:6      | Found a sparkling altar of Nemelex Xobeh.
  7785 | D:6      | Found a staircase to the Ecumenical Temple.
  7794 | Temple   | Entered the Ecumenical Temple
  7934 | Temple   | Became a worshipper of Ashenzari the Shackled
  8692 | D:7      | Reached skill level 1 in Stealth
  9920 | D:9      | Noticed a two-headed ogre
 10370 | D:8      | Killed a two-headed ogre
 10371 | D:8      | Reached XP level 10. HP: 48/93 MP: 9/9
 10813 | D:9      | Noticed Maggie
 10838 | D:9      | Killed Maggie
 10839 | D:9      | Reached skill level 10 in Fighting
 11319 | D:6      | Gained mutation: You are dopey. (Int -2) [potion of
                  | mutation]
 11321 | D:6      | Lost mutation: You are dopey. (Int -2) [potion of mutation]
 11321 | D:6      | Gained mutation: Your spells are a little harder to cast,
                  | but a little more powerful. [potion of mutation]
 11321 | D:6      | Gained mutation: Your system is resistant to poisons.
                  | (rPois) [potion of mutation]
 11321 | D:6      | Gained mutation: You are robust. (+10% HP) [potion of
                  | mutation]
 11321 | D:6      | Gained mutation: You have large cloven feet. [potion of
                  | mutation]
 11396 | D:6      | You fall into a shaft and drop 1 floor!
 12574 | D:10     | Entered Level 10 of the Dungeon
 12574 | D:10     | Noticed a death yak
 12578 | D:10     | Noticed a death yak
 12581 | D:10     | Noticed a death yak
 12582 | D:10     | Noticed a death yak
 12583 | D:10     | Noticed a death yak
 12583 | D:10     | Noticed a death yak
 12585 | D:10     | Noticed a death yak
 12598 | D:9      | Killed a death yak
 13182 | D:10     | Reached skill level 10 in Shields
 14428 | D:10     | Reached skill level 10 in Axes
 14524 | D:10     | Reached XP level 11. HP: 107/111 MP: 10/10
 15051 | D:9      | Killed a death yak
 15218 | D:9      | Killed a death yak
 15588 | D:10     | Found a staircase to the Lair.
 15668 | D:9      | Killed a death yak
 16007 | D:10     | Noticed Josephine
 16343 | D:10     | Killed Josephine
 16692 | D:10     | Identified a scroll of acquirement
 16698 | D:10     | Acquired the amulet of the Will of the Gods {Will+ Regen+}
 16892 | D:10     | Killed a death yak
 16893 | D:10     | Reached skill level 5 in Throwing
 16893 | D:10     | Reached skill level 1 in Evocations
 16913 | D:10     | Killed a death yak
 16957 | D:10     | Killed a death yak
 17205 | D:10     | Noticed a phantasmal warrior
 17206 | D:10     | Noticed a death knight
 17206 | D:10     | Noticed a phantasmal warrior
 17250 | D:9      | HP: 5/112 [phantasmal warrior[a death knight] (13)]
 17680 | D:2      | Bought a potion of heal wounds for 70 gold pieces
 17680 | D:2      | Bought a potion of curing for 42 gold pieces
 17680 | D:2      | Bought a potion of curing for 42 gold pieces
 17680 | D:2      | Bought a potion of haste for 140 gold pieces
 17680 | D:2      | Bought a potion of invisibility for 112 gold pieces
 17976 | D:9      | Killed a phantasmal warrior
 18258 | D:9      | Killed a phantasmal warrior
 18259 | D:9      | Reached skill level 1 in Slings
 19426 | D:10     | Killed a death knight
 19427 | D:10     | Reached XP level 12. HP: 82/122 MP: 11/11
 20152 | D:11     | Noticed a two-headed ogre
 20161 | D:11     | Killed a two-headed ogre
 20858 | D:11     | Noticed a two-headed ogre
 20865 | D:11     | Killed a two-headed ogre
 21146 | D:11     | Cast into level 2 of the Abyss (a wizard)
 21197 | Abyss:2  | Noticed a tentacled starspawn
 21225 | D:11     | Escaped the Abyss
 22276 | D:12     | Noticed a two-headed ogre
 22297 | D:12     | Killed a two-headed ogre
 22556 | D:12     | Reached skill level 10 in Armour
 22883 | D:12     | Mangled by an enormous slime creature

Illustrated notes

Levels and vault maps discovered:
D:1:      minmay_arrival_semitransparent, layout_rooms,
          shapermc_ecumenical_altar_mp_vishouse, minmay_misc_feat_ornament,
          minmay_liquid_box
D:2:      layout_basic, serial_shops, shop_fountains
D:3:      layout_loops_ring, hangedman_decor_push
D:4:      layout_loops_cross, lemuel_tele_altar
D:5:      layout_loops_cross, kennysheep_generic_room_2, uniq_grinder,
          uniq_edmund
D:6:      layout_gridville, yredelemnul_altar_generic,
          gammafunk_temple_overflow_wave, minmay_temple_entry_trees, uniq_pikel,
          uniq_blork_the_orc, uniq_eustachio
D:7:      layout_basic, hangedman_decor_diamond_cutter
D:8:      layout_loops_ring, minmay_holes
D:9:      layout_long_grid, kennysheep_generic_room_7, uniq_maggie
D:10:     layout_cross, dpeg_lair_monsters, amcnicky_mini_pool_medium,
          uniq_josephine
D:11:     layout_cave_pools, lightli_wizard_tower
D:12:     layout_roguey, orc_0_dummy, minmay_door_square
Temple:   dpeg_five_rooms_temple

Skill      XL: |  1  2  3  4  5  6  7  8  9 10 11 12 |
---------------+-------------------------------------+-----
Fighting       | 4 5 6 8 9 10 11 12 | 12.4
Armour         | 4 5 6 7 8 9 10 | 10.1
Dodging        | 1 2 3 4 |  4.8
Axes           | 3 4 5 6 8 10 11 | 11.6
Shields        | 4 5 7 9 10 11 12 | 12.0
Maces & Flails | 2 3 |  3.5
Throwing       | 1 2 3 5 6 |  6.2
Stealth        | 1 |  1.6
Evocations     | 1 |  1.9
Slings         | 1 4 |  4.3

Action                   |  1- 3 |  4- 6 |  7- 9 | 10-12 || total
-------------------------+-------+-------+-------+-------++-------
Melee: War axe           |    72 |   145 |   191 |   386 ||   794
       Headbutt          |     7 |    29 |    54 |   116 ||   206
       Whip              |     2 |       |       |       ||     2
       Flail             |       |       |    49 |       ||    49
       Kick              |       |       |       |   158 ||   158
Throw: Dart              |       |     4 |    42 |   124 ||   170
       Boomerang         |       |       |       |    38 ||    38
       Javelin           |       |       |       |    18 ||    18
Evoke: Wand              |       |       |       |    28 ||    28
  Use: Scroll            |       |     4 |     1 |     6 ||    11
       Potion            |       |       |       |    19 ||    19
Armor: Scale mail        |    35 |    52 |    82 |       ||   169
       Plate armour      |       |       |    31 |    56 ||    87
       Swamp dragon scal |       |       |       |    87 ||    87
Dodge: Dodged            |    26 |    33 |   104 |   152 ||   315
Block: Kite shield       |    52 |    86 |   285 |   438 ||   861
       Reflection        |       |       |     7 |    14 ||    21
